AoeStats
← Lord Adotar

Arabia

505745676Analyzed
1v1 RM · 20d ago on Sep 10, 2026· 44m 23s· 2 players
Game mode
Random Map
Map size
Tiny (2 player)
Population
200
Speed
Normal
Resources
Standard
Victory
Conquest
Starting age
Dark Age
Ending age
Imperial Age
RankedLock teamsTeams togetherTeam positionsShared explorationLock speedFull tech treeHidden civsTurbo modeCheats
Victory
Defeat
🇺🇸 Chinese · United States
863
+18
🇻🇪 Dravidians · Venezuela
910
-18
sideways
0:57 Loom
10:21 Feudal Age
14:44 Fletching
15:45 Horse Collar
15:52 Double-Bit Axe
20:43 Castle Age
21:45 Thumb Ring
21:02 Crossbowman
21:46 Bodkin Arrow
25:44 Wheelbarrow
26:08 Town Watch
26:18 Gold Mining
27:37 Padded Archer Armor
29:49 Ballistics
29:48 Leather Archer Armor
34:52 Town Patrol
35:11 Hand Cart
38:27 Imperial Age
39:39 Elite Chu Ko Nu
41:04 Bracer
41:35 Ring Archer Armor
42:12 Chemistry
44:40 Bow Saw
43:54 Heavy Rocket Cart
Lord Adotar
9:13 Loom
11:24 Feudal Age
16:07 Double-Bit Axe
23:04 Castle Age
24:16 Thumb Ring
24:29 Padded Archer Armor
24:20 Fletching
24:06 Elite Skirmisher
26:51 Bow Saw
29:13 Bodkin Arrow
29:34 Leather Archer Armor
30:39 Forging
30:33 Scale Mail Armor
32:01 Horse Collar
35:13 Chain Mail Armor
35:34 Iron Casting
35:43 Squires
35:29 Arson
35:32 Gambesons
40:18 Imperial Age
43:04 Bracer
Connection lost

Rejoining the realm…

Still unreachable

The connection could not be restored.

Session expired

The server has moved on; the page needs a fresh start.